 Dungeon Crawl Stone Soup version 0.21.1-1-g345015fe64 (webtiles) character file.

32 Oravi the Insei (level 3, 0/26 HPs)
             Began as a Merfolk Transmuter on May 2, 2018.
             Succumbed to an adder's poison
             ... on level 2 of the Dungeon.
             The game lasted 00:03:11 (1008 turns).

Oravi the Insei (Merfolk Transmuter)                Turns: 1008, Time: 00:03:11

Health: 0/26       AC:  3    Str: 10    XL:     3   Next: 25%
Magic:  6/6        EV: 13    Int: 13    God:
Gold:   70         SH:  0    Dex: 14    Spells: 5/6 levels left

rFire    . . .     SeeInvis .     - Unarmed
rCold    . . .     Gourm    .   (no shield)
rNeg     . . .     Faith    .   b - +0 robe
rPois    .         Spirit   .   (no helmet)
rElec    .         Reflect  .   (no cloak)
rCorr    .         Harm     .   (no gloves)
MR       +....                  m - +0 pair of boots
Stlth    +.........             (no amulet)
HPRegen  0.08/turn              e - ring of protection from magic
MPRegen  0.10/turn              (no ring)

@: lethally poisoned (0 -> -7), flying, very slightly contaminated, invisible
A: change form in water, swift swim, stealthy swim
a: no special abilities


You were on level 2 of the Dungeon.
You were hungry.

You visited 1 branch of the dungeon, and saw 2 of its levels.

You collected 70 gold pieces.

Inventory:

Missiles
 a - 12 arrows
 h - 67 stones (quivered)
Armour
 b - a +0 robe (worn)
 m - a +0 pair of boots (worn)
Jewellery
 e - a ring of protection from magic (left hand)
Scrolls
 g - 2 scrolls of fog {unknown}
 i - a scroll of identify {unknown}
 j - 2 scrolls of teleportation {unknown}
 k - a scroll of enchant armour {unknown}
Potions
 f - a potion of flight
Books
 c - a book of Changes

   Spells                             Type                      Level
   a - Beastly Appendage              Transmutation                1
   b - Sticks to Snakes               Transmutation                2
   c - Spider Form                    Transmutation/Poison         3
   d - Ice Form                       Ice/Transmutation            4
   e - Blade Hands                    Transmutation                5
Comestibles
 d - 3 rations


   Skills:
 - Level 1.1 Fighting
 - Level 2.6 Dodging
 + Level 4.0 Unarmed Combat
 - Level 2.0 Spellcasting
 + Level 3.9 Transmutations


You had 5 spell levels left.
You knew the following spells:

 Your Spells              Type           Power        Failure   Level  Hunger
a - Beastly Appendage     Tmut           ##....       4%          1    ##.....


Dungeon Overview and Level Annotations

Branches:
Dungeon (2/15)

Altars:


Message History

It was a potion of invisibility.
You fade into invisibility!
The adder bites you but does no damage. The hobgoblin hits you with a club.
* * * LOW HITPOINT WARNING * * *
You are very lightly contaminated with residual magic.
You catch the helpless adder completely off-guard!
You hit the adder.
You kill the adder!
Your Unarmed Combat skill increases to level 4!
You have reached level 3!
Your experience leads to an increase in your attributes!
Increase (S)trength, (I)ntelligence, or (D)exterity?
You feel clever.
* * * LOW HITPOINT WARNING * * *
You feel sick. The hobgoblin barely misses you.
You hit the hobgoblin but do no damage. The hobgoblin misses you.
You strike the helpless hobgoblin from behind!
You hit the hobgoblin.
The hobgoblin is lightly wounded.
You die...

.............
................
#..................#
#..................#+# .
#.....................
..#.....# #...##........
..#.....###....#$.......
.................g......
.............##)@†......
.............#[.##......
#...#...###..##.) .....
................## ....
#....##.......#... ...
#..#..........##.# ..
.....##........... .
..................
.....#...........


You could see a hobgoblin.

Vanquished Creatures
  An adder (D:2)
  An ooze (D:1)
  A goblin (D:1)
  4 hobgoblins
  3 jackals (D:1)
  A kobold (D:1)
  A ball python (D:1)
  2 bats (D:1)
  A frilled lizard (D:1)
  5 rats (D:1)
20 creatures vanquished.

Notes
Turn   | Place    | Note
-------+----------+-------------------------------------------
     0 | D:1      | Oravi the Merfolk Transmuter began the quest for the Orb.
     0 | D:1      | Reached XP level 1. HP: 15/15 MP: 3/3
   302 | D:1      | Reached XP level 2. HP: 16/21 MP: 3/5
  1005 | D:2      | HP: 1/21 [hobgoblin/club (4)]
  1006 | D:2      | Reached skill level 4 in Unarmed Combat
  1006 | D:2      | Reached XP level 3. HP: 2/26 MP: 6/6
  1008 | D:2      | Succumbed to an adder's poison

Skill      XL: |  1  2 |
---------------+-------+-----
Transmutations | 3 |  3.9
Unarmed Combat | 4 |  4.0
Fighting       | |  1.1
Dodging        | |  2.6
Spellcasting   | |  2.0

Action                   || total
-------------------------++-------
Melee: Unarmed           ||    84
       Headbutt          ||     7
       Punch             ||     3
 Cast: Beastly Appendage ||    13
  Use: Potion            ||     2
 Stab: Invisible         ||     2
Armor: Robe              ||    20
Dodge: Dodged            ||    67
